Map: Proxima Station LE

Players

liquidthermy (uThermal) - Winner!

  • Race: Terran Terran
  • League: Master
  • Spawn Location: 7:00

Serral

  • Race: Zerg Zerg
  • League: Master
  • Spawn Location: 1:00

Event: HomeStory Cup XV

VOD

Have the link to the VOD?

Description

Time

  • Played on: July 23, 2017, 9:41 a.m.
  • Length: 3:29

All games in this series

Show
View Real Time Build Order
Export as new Build Order

liquidthermy Terran - Winner!

Build Orders:  

Get SALT Encoding   

  12  0:01  SCV  
  13  0:14  Supply Depot  
  13  0:36  Barracks  
  13  0:48  Barracks  
  13  1:03  Barracks  
  13  1:09  SCV  
  14  1:23  Marine  
  15  1:29  Barracks  
  15  1:35  Marine  
  16  1:40  Marine  
  17  1:48  Supply Depot  
  17  1:52  Marine  
  18  1:56  Marine  
  19  2:01  Marine  
  20  2:09  Marine  
  20  2:14  Marine  
  22  2:17  Marine  
  22  2:20  Marine  
  24  2:27  Marine  
  25  2:32  Marine  
  25  2:35  Marine  
  27  2:43  Marine  
  28  2:45  Marine  
  29  2:51  Marine  
  29  2:53  Marine  
  29  3:10  Marine x3  
Show
View Real Time Build Order
Export as new Build Order

Serral Zerg 

Build Orders: Hatch First 

Get SALT Encoding   

  12  0:00  Drone  
  13  0:13  Overlord  
  13  0:17  Drone  
  14  0:31  Drone x2  
  14  0:35  Drone  
  17  0:53  Hatchery  
  17  0:55  Drone  
  17  0:58  Drone  
  18  1:09  Extractor  
  17  1:12  Spawning Pool  
  17  1:16  Drone  
  17  1:20  Drone  
  18  1:28  Drone  
  19  1:39  Overlord  
  19  1:50  Drone  
  20  1:59  Queen  
  20  2:00  Zergling x2  
  23  2:05  Zergling x2  
  26  2:09  Metabolic Boost  
  26  2:14  Drone  
  27  2:16  Drone  
  28  2:25  Zergling x2  
  28  2:27  Zergling x2, Spine Crawler  
  28  2:34  Zergling x2  
  28  2:38  Queen  
  28  2:44  Zergling x2  
  29  2:46  Zergling x2  
  29  2:49  Zergling x2  
  29  2:59  Zergling x2  
  20  3:07  Zergling x2  
Tags
 
Add a new tag
Caveats
  • Supply blocks, unpowered buildings, or Contaminate may cause inaccurate times.
  • Supply counts are checked every 10 seconds.